 Dungeon Crawl Stone Soup version 0.27-a0-1595-g0b823d0a13 (webtiles) character file.

Game seed: 15796519848357715914

2011 flotson the Skirmisher (level 9, 0/62 (71) HPs)
             Began as a Demonspawn Delver on July 20, 2021.
             Killed from afar by Dowan (14 damage)
             ... with a shard of ice
             ... on level 6 of the Dungeon.
             The game lasted 00:06:50 (6600 turns).

flotson the Skirmisher (Demonspawn Delver)          Turns: 6600, Time: 00:06:50

HP:   0/62 (71)     AC: 17    Str: 16    XL:     9   Next: 2%
MP:   9/9           EV: 14    Int: 11    God:
Gold: 245           SH:  4    Dex: 21    Spells: 8/8 levels left

rFire    . . .     SeeInvis .   z - +2 quarterstaff (chaos)
rCold    . . .     Faith    .   (shield currently unavailable)
rNeg     . . .     Spirit   .   o - +0 ring mail
rPois    +         Reflect  .   (no helmet)
rElec    .         Harm     .   y - +0 cloak
rCorr    .         Rampage  .   u - +0 pair of gloves
Will     .....                  (no boots)
Stlth    ++........             (no amulet)
HPRegen  0.20/turn              l - +6 ring of dexterity
MPRegen  0.11/turn              A - ring of poison resistance

@: lethally poisoned (0 -> -6), sanguine armoured, heavily drained
A: hooves 2, foul stench 1, sanguine armour 2, condensation shield
a: no special abilities


You were on level 6 of the Dungeon.
You visited 1 branch of the dungeon, and saw 6 of its levels.

You collected 245 gold pieces.

Inventory:

Hand Weapons
 a - the +8 rapier of the Hungering Gnat {vorpal, rElec Str-5 Dex+4 Stlth+}
   (You found it on level 4 of the Dungeon)

   It inflicts extra damage upon your enemies.
   Str:       It affects your strength (-5).
   Dex:       It affects your dexterity (+4).
   rElec:     It insulates you from electricity.
   Stlth:     It makes you more stealthy.
 b - a +2 whip of electrocution
 d - a +0 hand axe
 z - a +2 quarterstaff of chaos (weapon)
Armour
 o - a +0 ring mail (worn)
 u - a +0 pair of gloves (worn)
 y - a +0 cloak (worn)
Jewellery
 l - a +6 ring of dexterity (left hand)
 A - a ring of poison resistance (right hand)
Wands
 g - a wand of digging (3)
Scrolls
 c - a scroll of fog
 h - a scroll of noise {unknown}
 i - 7 scrolls of identify {unknown}
 j - 3 scrolls of teleportation {unknown}
 m - 2 scrolls of silence {unknown}
 n - 2 scrolls of blinking {unknown}
 p - a scroll of enchant weapon {unknown}
 t - a scroll of fear
Potions
 e - a potion of lignification {unknown}
 f - 2 potions of haste
 k - a potion of berserk rage {unknown}
 q - 2 potions of mutation {unknown}
 r - a potion of attraction {unknown}
 s - a potion of ambrosia {unknown}
 v - a potion of flight {unknown}
 w - 2 potions of magic
 x - a potion of curing {unknown}


   Skills:
 + Level 6.6 Fighting
 + Level 5.6 Axes
 + Level 5.2 Armour
 + Level 5.6 Dodging
 - Level 4.5 Stealth


You had 8 spell levels left.
You didn't know any spells.
Your spell library contained the following spells:

 Spells                   Type           Power      Damage    Failure   Level
 Sandblast                Erth           0%         2d4       54%         1
 Passwall                 Tmut/Erth      0%         N/A       67%         2
 Gell's Gravitas          Tloc           0%         N/A       88%         3
 Lesser Beckoning         Tloc           0%         N/A       88%         3
 Teleport Other           Tloc           0%         N/A       88%         3
 Lee's Rapid Deconstruct  Erth           0%         3d5*      100%        5


Dungeon Overview and Level Annotations

Branches:
Dungeon (6/15)             Temple (0/1) D:6

Altars:
Kikubaaqudgha
Qazlal
Sif Muna
Xom
Zin

Annotations:
D:3 2 transporters, Phlounder's ghost, amateur DjWn
D:6 Dowan


Innate Abilities, Weirdness & Mutations

You have hoof-like feet.
You may rarely emit foul miasma when damaged in melee.
When seriously injured, your bleeding wounds create thick armour. (AC +9)
A meltable shield of frost defends you. (SH +4)


Message History

You closely miss Duvessa. You kick Duvessa.
Duvessa is heavily wounded.
Dowan points at Duvessa and mumbles some strange words.
Duvessa seems to speed up.
Duvessa hits you but does no damage.
You feel drained.
You sock Duvessa! You burn Duvessa. Your kick misses Duvessa.
Duvessa is almost dead.
Duvessa hits you but does no damage.
You feel drained.
Dowan mumbles some strange words.
Dowan blinks!
Duvessa hits you with a +4 short sword of draining.
You feel drained. Dowan hits you but does no damage.
You are poisoned.
You feel sick. You block Duvessa's attack.
You hit Duvessa. You freeze Duvessa.
You kill Duvessa!
Dowan screams, "No!
No!"
Dowan seems to find hidden reserves of power!
You feel sick. Dowan misses you.
You have reached level 9!
Your experience leads to an increase in your attributes!
Your base attributes are Str 15, Int 11, Dex 15.
Increase (S)trength, (I)ntelligence, or (D)exterity?
You feel stronger.
You closely miss Dowan. Your kick misses Dowan.
You feel sick.
Dowan points at you and mumbles some strange words.
The shard of ice hits you! Dowan hits you but does no damage.
Unknown command.
You hit Dowan. You burn Dowan.
Dowan is moderately wounded.
You feel sick.
Dowan hits you with a +2 dagger of venom.
* * * LOW HITPOINT WARNING * * *
You are more poisoned.
Dowan hits you but does no damage.
It was a potion of magic.
Magic courses through your body.
You feel sick.
Dowan breathes, "And she was my only..."
Dowan gestures at you while chanting. The shard of ice hits you!
You die...

# #. #.## ...
#.#.#########.
#.............
##..#.......# ###.
#e###.#.# .. #@# #.#.#
####.##.###.#.# #######
..............# .......
## #####.)#.......#
....... .# #<#
##.#.......# ....... .#
#.# #..........##.......
.#
#.##.#..................
##
#........###+###.######.
#....##..# #.## ...


You could see Dowan (fast).

Vanquished Creatures
  Eustachio (D:4)
  2 water moccasins (D:5)
  The ghost of LadonLegend the Magician, an amateur DEAE of Sif Muna (D:4)
  Duvessa (D:6)
  An ogre (D:5)
  4 necrophages (D:5)
  2 scorpions
  A water moccasin zombie (D:6)
  A bullfrog (D:6)
  A wyvern skeleton (D:4)
  2 jellies (D:6)
  A wight (D:5)
  An electric eel (D:6)
  A bullfrog zombie (D:5)
  2 centaur zombies
  3 hounds
  A human zombie (D:5)
  An orc priest (D:3)
  Crazy Yiuf (D:5)
  A bullfrog skeleton (D:4)
  2 iguanas
  2 hound zombies (D:5)
  A hound skeleton (D:4)
  2 mummies (D:5)
  A gnoll (D:1)
  5 adders
  A white imp (D:5)
  A worm (D:2)
  2 dart slugs
  7 orcs
  8 ball pythons
  8 endoplasms
  8 giant cockroaches
  5 goblins
  4 hobgoblins
  9 jackals
  2 quokkas (D:1)
  5 bats
  A frilled lizard (D:1)
  5 kobolds
  6 rats
114 creatures vanquished.

Vanquished Creatures (others)
  A fungus (D:5)
1 creature vanquished.

Grand Total: 115 creatures vanquished

Notes
Turn   | Place    | Note
-------+----------+-------------------------------------------
     0 | D:5      | flotson the Demonspawn Delver began the quest for the Orb.
     0 | D:5      | Reached XP level 1. HP: 18/18 MP: 1/1
   358 | D:4      | Noticed a scorpion
   391 | D:4      | Identified the +8 rapier of the Hungering Gnat {vorpal,
                  | rElec Str-5 Dex+4 Stlth+}
   609 | D:3      | Found a transporter.
   626 | D:3      | Found a transporter.
   681 | D:3      | Noticed an orc priest
   686 | D:3      | Gained mutation: When seriously injured, your bleeding
                  | wounds create armour. (AC +9) [demonic ancestry]
   686 | D:3      | Reached XP level 2. HP: 24/24 MP: 2/2
   691 | D:3      | Reached skill level 1 in Armour
   691 | D:3      | Reached XP level 3. HP: 14/29 MP: 3/3
  1252 | D:1      | Gained mutation: A meltable shield of frost defends you.
                  | (SH +4) [demonic ancestry]
  1252 | D:1      | Reached XP level 4. HP: 35/35 MP: 4/4
  2604 | D:3      | Found a faded altar of an unknown god.
  3027 | D:3      | Noticed Phlounder's ghost (amateur DjWn)
  3043 | D:3      | Noticed a kobold brigand
  3118 | D:4      | Killed a scorpion
  3119 | D:4      | Reached skill level 4 in Fighting
  3119 | D:4      | Gained mutation: You may rarely emit foul miasma when
                  | damaged in melee. [demonic ancestry]
  3119 | D:4      | Reached XP level 5. HP: 29/42 MP: 5/5
  3386 | D:4      | Gained mutation: When seriously injured, your bleeding
                  | wounds create thick armour. (AC +9) [demonic ancestry]
  3386 | D:4      | Reached XP level 6. HP: 19/48 MP: 6/6
  3569 | D:4      | Found a runed translucent gate.
  3572 | D:4      | Found a runed translucent gate.
  3573 | D:4      | Found a runed translucent gate.
  3580 | D:4      | Noticed LadonLegend's ghost (amateur DEAE)
  3795 | D:4      | Found a shimmering blue altar of Sif Muna.
  3910 | D:4      | Noticed Eustachio
  3925 | D:4      | Killed Eustachio
  4085 | D:4      | Killed LadonLegend's ghost
  4086 | D:4      | Gained mutation: You have large cloven feet. [demonic
                  | ancestry]
  4086 | D:4      | Reached XP level 7. HP: 43/55 MP: 7/7
  4236 | D:5      | Reached skill level 5 in Fighting
  4703 | D:5      | Found an ancient bone altar of Kikubaaqudgha.
  4776 | D:5      | Gained mutation: You have hoof-like feet. [demonic
                  | ancestry]
  4776 | D:5      | Reached XP level 8. HP: 63/63 MP: 8/8
  5138 | D:5      | Reached skill level 6 in Fighting
  5138 | D:5      | Reached skill level 5 in Axes
  5138 | D:5      | Reached skill level 5 in Dodging
  5816 | D:5      | Found a runed translucent door.
  5817 | D:5      | Noticed Crazy Yiuf
  5824 | D:5      | Killed Crazy Yiuf
  6205 | D:6      | Reached skill level 5 in Armour
  6290 | D:6      | Found a shimmering altar of Xom.
  6308 | D:6      | Found a staircase to the Ecumenical Temple.
  6561 | D:6      | Found a stormy altar of Qazlal.
  6584 | D:6      | Noticed Duvessa
  6591 | D:6      | Noticed Dowan
  6597 | D:6      | Killed Duvessa
  6598 | D:6      | Reached XP level 9. HP: 33/62 MP: 9/9
  6600 | D:6      | Killed from afar by Dowan

Illustrated notes

Levels and vault maps discovered:
D:1:      ncdulo_halloftheorcs, layout_loops_corners
D:2:      layout_loops_ring, minmay_splitting_lines,
          chequers_serial_rivers_small_b
D:3:      layout_basic, ebering_ecumenical_altar_petrified,
          gammafunk_ghost_abyssal_escape
D:4:      layout_basic, mainiacjoe_overflow_catwalk, kennysheep_mini_moat,
          gammafunk_ghost_necromancy, uniq_eustachio
D:5:      layout_loops_corners, lemuel_mausoleum_altar_kikubaaqudgha,
          uniq_crazy_yiuf_cottage
D:6:      layout_basic, lemuel_doored_altar, lemuel_tele_altar,
          overflow_temple_1_default, temple_doors_e, kennysheep_generic_room_2,
          uniq_duvessa

Skill      XL: |  1  2  3  4  5  6  7  8 |
---------------+-------------------------+-----
Axes           | 2 3 4 5 |  5.6
Dodging        | 2 3 4 5 |  5.6
Armour         | 1 2 3 4 5 |  5.2
Fighting       | 4 5 6 |  6.6
Stealth        | |  4.5

Action                   |  1- 3 |  4- 6 |  7- 9 || total
-------------------------+-------+-------+-------++-------
Melee: Hand axe          |    13 |       |       ||    13
       Rapier            |    19 |       |       ||    19
       Whip              |    24 |   149 |   110 ||   283
       Kick              |       |       |    61 ||    61
       Quarterstaff      |       |       |    41 ||    41
  Use: Scroll            |     2 |       |       ||     2
       Potion            |       |       |     1 ||     1
 Stab: Sleeping          |     8 |    12 |     8 ||    28
       Distracted        |       |     1 |       ||     1
Armor: Leather armour    |    10 |     3 |       ||    13
       Ring mail         |       |    38 |    45 ||    83
Dodge: Dodged            |    29 |    77 |    65 ||   171
Block: Other             |       |    22 |    22 ||    44

Table legend: (Time is in decaauts)
 A = Elapsed time spent in this place.
 B = Non-inter-level travel time spent in this place.
 C = Inter-level travel time spent in this place.
 D = Time resting spent in this place.
 E = Time spent auto-exploring this place.
 F = Levels seen in this place.
 G = Mean time per level.
                   A        B        C        D        E       F      G
               +--------+--------+--------+--------+--------+-----+--------+
         Total |   6621 |   6401 |    220 |    294 |   5122 |   6 | 1103.5 |
       Dungeon |   6621 |   6401 |    220 |    294 |   5122 |   6 | 1103.5 |
               +--------+--------+--------+--------+--------+-----+--------+

Top non-repeatable levels by time:
     D:5: 2034 daAuts
     D:4: 1368 daAuts
     D:1: 985 daAuts
     D:2: 768 daAuts
     D:3: 745 daAuts
     D:6: 718 daAuts
